 Dungeon Crawl Stone Soup version 0.19.0-2-gae57169 (webtiles) character file.

77 imganon the Chopper (level 4, -4/35 HPs)
             Began as a Demonspawn Berserker on Nov 5, 2016.
             Was a Follower of Trog.
             Engulfed by Sigmund's steam (16 damage)
             ... on level 2 of the Dungeon.
             The game lasted 00:02:41 (2147 turns).

imganon the Chopper (Demonspawn Berserker)          Turns: 2147, Time: 00:02:42

Health: -4/35      AC:  3    Str: 18    XL:     4   Next: 13%
Magic:  4/4        EV: 12    Int:  9    God:    Trog [*.....]
Gold:   64         SH:  0    Dex: 12    Spells: 0 memorised, 3 levels left

rFire  . . .     SeeInvis .     a - +0 hand axe
rCold  + . .     Gourm    .     j - +0 leather armour
rNeg   . . .     Faith    .     (no shield)
rPois  .         Spirit   .     (no helmet)
rElec  .         Reflect  .     (no cloak)
rCorr  .         Harm     .     (no gloves)
MR     .....                    (no boots)
Stlth  +.........               (no amulet)
                                (no ring)
                                h - ring of protection from cold

@: exhausted, slowed, very slow
A: claws 1, demonic guardian 1
a: Berserk, Burn Spellbooks, Renounce Religion


You were on level 2 of the Dungeon.
You worshipped Trog.
Trog was aware of your devotion.
You were near starving.

You visited 1 branch of the dungeon, and saw 2 of its levels.

You collected 64 gold pieces.

Inventory:

Hand Weapons
 a - a +0 hand axe (weapon)
Armour
 j - a +0 leather armour (worn)
Jewellery
 h - a ring of protection from cold (left claw)
 k - an uncursed ring of wizardry {unknown}
Scrolls
 b - a scroll of remove curse {unknown}
 d - 4 scrolls of identify {unknown}
 e - a scroll of teleportation {unknown}
 m - a scroll of fear {unknown}
 p - a scroll of enchant armour {unknown}
Potions
 f - a potion of curing
 g - 2 potions of brilliance {unknown}
 i - 3 potions of haste {unknown}
 q - a potion of might {unknown}
Comestibles
 c - 3 bread rations
 l - 2 meat rations
 n - 2 slices of pizza
 o - a royal jelly


   Skills:
 - Level 3.0 Fighting
 + Level 4.5 Axes
 - Level 1.7 Armour
 - Level 1.7 Dodging


You had 3 spell levels left.
You didn't know any spells.

Dungeon Overview and Level Annotations

Branches:
Dungeon (2/15)

Altars:
Elyvilon
Fedhas
Uskayaw

Annotations:
D:2 exclusion: oklob plant, Sigmund


Innate Abilities, Weirdness & Mutations

You have sharp fingernails.
A weak demonic guardian rushes to your aid.


Message History

Your white imp freezes Sigmund.
Your white imp barely misses Sigmund.
Your white imp disappears in a puff of smoke!
Sigmund casts a spell at you. The magic dart hits you!
You enter the shallow water.
Moving in this stuff is going to be slow.
You feel your anger subside.
You are no longer berserk.
You are exhausted.
You feel as though you will be slow longer.
Sigmund casts a spell at you. The magic dart hits you!
Unknown command.
You feel less confused. Sigmund casts a spell at you. The magic dart hits you!
Sigmund casts a spell at you. The puff of flame hits you!
Sigmund closely misses you.
Your unstable footing causes you to fumble your attack.
You are engulfed in a cloud of scalding steam.
You die... ###P##P..P##P##PP#PP# #.# #P.PP.PPPP..PPPPPPPP#####.# #PPP#.PP#PPP.PPPPP#P#...#.#

#PP#PP........PP.##P#.#.#.#
##P.P..≈≈≈≈≈...PPPPP#...#.#
#.PP..≈≈≈≈≈≈≈..P#P#P##.##.#
#PP..≈≈≈≈≈≈≈≈≈...PP.##.##.####
#PP.≈≈≈≈≈≈≈≈≈≈≈.#PPP#...#....#
#####.≈≈≈≈...≈≈@≈..#PP#.........
#.....≈≈≈≈._....@.PPPP#.>.......
#.###.≈≈≈≈...≈≈≈≈.PPP##.....##.#
#.# P.≈≈≈≈≈≈≈≈≈≈≈.PPP##...#....#
#.#PP..≈≈≈≈≈≈≈≈≈..PPPP#..##.####
#.#P#P..≈≈≈≈≈≈≈..PPPP##.###.####
#.####P..≈≈≈≈≈...PP%PP#.###.....
#.# PP.......PPPP%PP#..##.####
#.# .#PPPPPP##PPP%%####.#.#


You could see Sigmund.

Vanquished Creatures
  3 adders (D:2)
  An ooze (D:2)
  A worm (D:2)
  A dart slug (D:2)
  3 leopard geckos
  2 ball pythons (D:1)
  7 giant cockroaches
  A goblin (D:2)
  5 hobgoblins
  4 bats
  3 frilled lizards
  3 kobolds
  4 rats
38 creatures vanquished.

Vanquished Creatures (others)
  A frilled lizard (D:2)
1 creature vanquished.

Grand Total: 39 creatures vanquished

Notes
Turn   | Place    | Note
-------+----------+-------------------------------------------
     0 | D:1      | imganon the Demonspawn Berserker began the quest for the Orb.
     0 | D:1      | Reached XP level 1. HP: 18/18 MP: 1/1
   134 | D:1      | Reached skill level 3 in Axes
   223 | D:1      | Gained mutation: A weak demonic guardian rushes to your aid. [demonic ancestry]
   223 | D:1      | Reached XP level 2. HP: 10/24 MP: 2/2
  1083 | D:2      | Found a hide-covered altar of Uskayaw.
  1154 | D:2      | HP: 1/24 [adder (2)]
  1156 | D:2      | Reached XP level 3. HP: 14/29 MP: 3/3
  1319 | D:2      | Reached skill level 4 in Axes
  1326 | D:2      | Found a white marble altar of Elyvilon.
  1765 | D:2      | Gained mutation: You have sharp fingernails. [demonic ancestry]
  1765 | D:2      | Reached XP level 4. HP: 35/35 MP: 4/4
  2099 | D:2      | Found a blossoming altar of Fedhas.
  2122 | D:2      | Noticed Sigmund
  2127 | D:2      | Noticed an oklob plant
  2147 | D:2      | Engulfed by Sigmund's steam

Skill      XL: |  1  2  3 |
---------------+----------+-----
Axes           | 3 4 |  4.5
Fighting       | |  3.0
Armour         | |  1.7
Dodging        | |  1.7

Action                   |  1- 3 |  4- 6 || total
-------------------------+-------+-------++-------
Melee: Hand axe          |   113 |    22 ||   135
Invok: Berserk           |       |     1 ||     1
  Use: Potion            |     1 |     1 ||     2
 Stab: Sleeping          |     1 |       ||     1
  Eat: Chunk             |     3 |       ||     3
Armor: Animal skin       |     2 |       ||     2
       Leather armour    |    30 |     9 ||    39
Dodge: Dodged            |    76 |    16 ||    92
